 Dungeon Crawl Stone Soup version 0.18-a0-1343-g48c8f86 (webtiles) character file.

702 M4edhros the Insei (level 7, -5/52 HPs)
             Began as a Mummy Monk on Feb 16, 2016.
             Slain by a gnoll
             ... wielding a +0 spear
              (11 damage)
             ... on level 4 of the Dungeon.
             The game lasted 00:11:37 (7421 turns).

M4edhros the Insei (Mummy Monk)                     Turns: 7421, Time: 00:11:38

Health: -5/52      AC:  2    Str: 14    XL:     7   Next: 38%
Magic:  7/7        EV: 13    Int: 10    God:
Gold:   242        SH:  0    Dex: 16    Spells: 0 memorised, 6 levels left

rFire  . . .     SeeInvis .       - Unarmed
rCold  + . .     Gourm    .     (no armour)
rNeg   + + +     Faith    .     (no shield)
rPois  ∞         Spirit   .     e - +0 helmet
rElec  .         Dismiss  .     h - +0 cloak
rCorr  .         Reflect  .     (no gloves)
SustAt .         Harm     .     (no boots)
MR     .....                    (no amulet)
Stlth  ++........               (no ring)
                                b - ring of protection from fire

@: not resistant to hostile enchantments, unstealthy
A: no food or potions, fire vulnerability, cold resistance 1, negative energy
resistance 3, torment resistance, unbreathing
a: no special abilities


You were on level 4 of the Dungeon.
You were not hungry.

You visited 1 branch of the dungeon, and saw 4 of its levels.

You collected 242 gold pieces.

Inventory:

Armour
 d - a +0 helmet
 e - a +0 helmet (worn)
 g - a +0 cloak
 h - a +0 cloak (worn)
Jewellery
 b - a ring of protection from fire (left hand)
Scrolls
 j - a scroll of fog
 k - a scroll of enchant weapon
Books
 a - a book of Enchantments

   Spells                             Type                      Level
   a - Cause Fear                     Hexes                        4
   b - Yara's Violent Unravelling     Hexes/Transmutation          5
   c - Silence                        Hexes/Air                    5
   d - Deflect Missiles               Charms/Air                   6
   e - Haste                          Charms                       6
   f - Discord                        Hexes                        8


   Skills:
 - Level 3.0 Fighting
 - Level 2.4 Dodging
 - Level 1.5 Stealth
 + Level 7.6 Unarmed Combat


You had 6 spell levels left.
You didn't know any spells.

Dungeon Overview and Level Annotations

Branches:
Dungeon (4/15)
 Temple: D:4-7

Altars:
Ashenzari
Pakellas
The Shining One

Annotations:
D:2 Terence
D:3 Blork the orc; namelastname112's ghost, amateur DrMo


Innate Abilities, Weirdness & Mutations

You do not eat or drink.
Your flesh is vulnerable to fire.
You are immune to poison.
Your flesh is cold resistant.
You are immune to negative energy.
You are immune to unholy pain and torment.
You can survive without breathing.


Message History

The orc is almost dead.
You hit the orc.
You kill the orc!
Read which item? (? for menu, Esc to quit)
Okay, then.
Sorry, you're not good enough to have a special ability.
You hit the orc wizard.
The orc wizard is moderately wounded.
You closely miss the orc wizard.
The orc wizard is moderately wounded.
The orc wizard closely misses you.
The gnoll hits you from afar with a spear.
* * * LOW HITPOINT WARNING * * *
You barely miss the orc wizard.
The orc wizard is moderately wounded.
The orc wizard hits you with a dagger.
* * * LOW HITPOINT WARNING * * *
The gnoll completely misses you.
The gnoll hits you from afar with a spear!
You die...

##...## ##.
#..<..# ##..
##....# #...
#....## #...
###.....# #...
###..#....#
##..
##...###.gg##
##. #..###
#...o## ##
#### ##.@#.##
# ##.##.##
#####.## ##.##
##.## ##.o##
##.#..########
#...#.........
######
#..##..#######


You could see an orc wizard and 2 gnolls.

Vanquished Creatures
  2 centaurs
  4 wights
  A hound (D:4)
  An orc priest (D:3)
  5 orc wizards
  A worker ant (D:4)
  A hound skeleton (D:4)
  A gnoll (D:3)
  3 adders
  6 worms
  2 giant geckos (D:2)
  12 orcs
  5 giant cockroaches
  9 goblins
  7 hobgoblins
  8 jackals (D:2)
  A quokka (D:2)
  A ball python (D:1)
  6 bats
  A giant gecko skeleton (D:4)
  8 giant newts
  4 kobolds (D:2)
  7 rats
96 creatures vanquished.

Notes
Turn   | Place    | Note
--------------------------------------------------------------
     0 | D:1      | M4edhros the Mummy Monk began the quest for the Orb.
     0 | D:1      | Reached XP level 1. HP: 18/18 MP: 1/1
   587 | D:1      | Reached XP level 2. HP: 22/24 MP: 2/2
  1210 | D:2      | Reached skill level 4 in Unarmed Combat
  1650 | D:2      | Reached XP level 3. HP: 15/29 MP: 3/3
  2079 | D:2      | Found a shattered altar of Ashenzari.
  2082 | D:2      | Found an oddly glowing altar of Pakellas.
  2355 | D:3      | Noticed namelastname112's ghost (amateur DrMo)
  2440 | D:3      | Reached XP level 4. HP: 30/35 MP: 4/4
  2843 | D:2      | Reached skill level 5 in Unarmed Combat
  3146 | D:2      | Noticed a centaur
  3263 | D:3      | Noticed Terence
  3735 | D:2      | Reached XP level 5. HP: 24/41 MP: 5/5
  4257 | D:2      | HP: 2/41 [centaur (1)]
  4258 | D:2      | Killed a centaur
  4258 | D:2      | Reached skill level 6 in Unarmed Combat
  4258 | D:2      | Reached XP level 6. HP: 1/47 MP: 6/6
  5535 | D:3      | Noticed Blork the orc
  6221 | D:4      | Reached skill level 7 in Unarmed Combat
  6359 | D:3      | Reached XP level 7. HP: 21/52 MP: 7/7
  6850 | D:4      | Found a glowing golden altar of the Shining One.
  7421 | D:4      | Slain by a gnoll

Vault maps used:
D:1:      dpeg_arrival_oval, minmay_misc_feat_x
D:2:      minitemple
D:3:      tgw_sif, uniq_terence, uniq_grinder
D:4:      lemuel_round_altar, first_bread, kennysheep_generic_room_4

Action                   |  1- 3 |  4- 6 |  7- 9 || total
-------------------------+-------+-------+-------++-------
Melee: Unarmed           |   146 |   272 |    42 ||   460
  Use: Scroll            |     5 |     2 |     1 ||     8
 Stab: Sleeping          |     5 |     2 |       ||     7
       Distracted        |       |       |     1 ||     1
